Map: Catalyst LE

Players

Kaiser

  • Race: Zerg Zerg
  • League: Platinum
  • Spawn Location: 5:00

Juxtapose - Winner!

  • Race: Zerg Zerg
  • League: Gold
  • Spawn Location: 11:00

VOD

https://youtu.be/wlHOfJhPteo

Description

A pretty typical Zerg vs Zerg for me, until the Baneling drop. Wasn't expecting that one, but by then I was already on the offensive.

I've started skipping out on Metabolic Boost as well, and I want to try incorporating earlier Burrow into my play to help keep my Roaches alive longer.

Time

  • Played on: Dec. 9, 2017, 9:33 p.m.
  • Length: 8:22
Show
View Real Time Build Order
Export as new Build Order

Kaiser Zerg 

Build Orders: Hatch First 

Get SALT Encoding   

  12  0:01  Drone  
  13  0:08  Drone  
  14  0:16  Overlord  
  14  0:23  Extractor  
  14  0:24  Drone  
  15  0:36  Drone x2  
  17  0:46  Drone  
  18  0:54  Drone  
  19  1:10  Hatchery  
  18  1:14  Drone  
  19  1:26  Spawning Pool, Drone  
  19  1:30  Drone  
  20  1:45  Drone  
  21  1:47  Extractor  
  21  1:48  Drone  
  21  1:58  Overlord  
  21  2:09  Overlord  
  21  2:20  Drone  
  21  2:22  Queen  
  24  2:26  Queen  
  24  2:28  Drone  
  27  2:31  Drone  
  28  2:40  Drone  
  28  2:44  Drone  
  30  2:45  Drone  
  30  2:50  Metabolic Boost  
  31  2:53  Zergling x2  
  31  2:57  Queen  
  31  2:58  Extractor  
  33  2:59  Spine Crawler  
  33  3:04  Zergling x2  
  33  3:05  Zergling x2  
  34  3:10  Drone  
  35  3:22  Queen  
  35  3:24  Drone x2  
  39  3:32  Baneling Nest  
  38  3:38  Drone x2  
  40  3:48  Drone x4  
  43  3:54  Pneumatized Carapace  
  44  3:55  Evolution Chamber  
  44  4:00  Drone  
  44  4:05  Overlord x2  
  44  4:24  Zergling x6  
  46  4:29  Drone x4  
  46  4:30  Drone x3  
  54  4:45  Hatchery  
  53  4:58  Zerg Melee Weapons Level 1  
  53  5:01  Lair  
  53  5:03  Zergling x10  
  53  5:04  Drone x2  
  53  5:06  Overlord x2  
  60  5:23  Queen  
  62  5:28  Baneling x2  
  62  5:49  Zergling x2, Baneling  
  64  5:50  Zergling x4  
  64  5:51  Zergling x10  
  64  5:54  Baneling x4  
  70  5:59  Extractor  
  70  6:02  Drone x2  
  71  6:08  Evolution Chamber  
  71  6:09  Hydralisk Den, Drone x3  
  72  6:11  Drone  
  72  6:12  Overlord  
  73  6:37  Unknown  
  73  6:46  Zergling x10  
  78  6:52  Drone x4  
  78  6:53  Drone  
  83  6:57  Muscular Augments  
  81  7:21  Zergling x8  
  81  7:22  Hydralisk x2, Zergling x4  
  87  7:27  Zergling x2  
  87  7:29  Baneling x4  
  85  7:30  Baneling x2  
  65  7:46  Hydralisk x5  
Show
View Real Time Build Order
Export as new Build Order

Juxtapose Zerg - Winner!

Build Orders: Hatch First 

Get SALT Encoding   

  12  0:01  Drone  
  13  0:09  Drone  
  14  0:20  Overlord  
  14  0:39  Drone x2  
  16  0:53  Hatchery  
  16  0:55  Drone  
  16  1:03  Extractor  
  15  1:04  Drone  
  16  1:19  Spawning Pool  
  16  1:21  Drone  
  16  1:34  Drone x2  
  16  1:39  Overlord  
  18  1:52  Drone  
  19  2:02  Drone  
  20  2:10  Queen  
  20  2:12  Queen  
  24  2:17  Zergling x2  
  25  2:25  Zergling x4  
  27  2:32  Drone x2  
  29  2:47  Roach Warren  
  28  3:00  Drone x4  
  28  3:01  Drone  
  33  3:17  Drone x3  
  35  3:30  Extractor  
  35  3:31  Drone x2  
  35  3:33  Overlord  
  36  3:45  Overlord  
  36  3:55  Drone x3  
  39  3:56  Roach x2  
  39  3:57  Overlord  
  43  4:07  Queen  
  46  4:10  Drone x2  
  46  4:12  Extractor  
  46  4:16  Evolution Chamber  
  45  4:17  Drone x4  
  45  4:21  Lair  
  49  4:28  Drone x2  
  51  4:33  Extractor  
  51  4:36  Drone  
  51  4:37  Drone x3  
  54  4:52  Roach x3  
  60  4:53  Overlord  
  60  5:14  Roach x2  
  60  5:15  Roach x2  
  60  5:19  Overlord x2  
  68  5:29  Zerg Missile Weapons Level 1  
  68  5:34  Spire, Drone  
  68  5:48  Overseer x2  
  68  5:49  Queen  
  70  5:52  Overseer  
  70  6:00  Roach  
  70  6:01  Overlord x2, Roach x3  
  78  6:07  Glial Reconstitution  
  78  6:08  Hatchery  
  78  6:09  Roach x2  
  78  6:10  Roach  
  83  6:12  Overlord  
  84  6:18  Drone  
  84  6:20  Drone x2  
  84  6:23  Roach x2  
  90  6:49  Mutalisk x3  
  90  6:50  Mutalisk x3, Roach  
  104  7:01  Mutalisk  
  95  7:16  Mutalisk  
  95  7:20  Drone x4  
  101  7:32  Mutalisk x2  
  101  7:34  Drone x6  
  96  7:55  Drone x6  
Tags
 
Add a new tag
Caveats
  • Supply blocks, unpowered buildings, or Contaminate may cause inaccurate times.
  • Supply counts are checked every 10 seconds.